 Dungeon Crawl Stone Soup version 0.28-a0-722-gc0678643b6 (webtiles) character file.

Game seed: 2142782394995721744

676 Lekart the Skirmisher (level 7, 0/60 HPs)
             Began as a Pale Draconian Monk on Oct 24, 2021.
             Slain by Pikel (1 damage)
             ... on level 4 of the Dungeon.
             The game lasted 00:04:33 (4300 turns).

Lekart the Skirmisher (Pale Draconian Monk)         Turns: 4300, Time: 00:04:33

Health: 0/60       AC:  6    Str: 22    XL:     7   Next: 33%
Magic:  7/7        EV: 13    Int: 10    God:
Gold:   102        SH:  0    Dex: 13    Spells: 4/6 levels left

rFire   . . .      SeeInvis .   h - +2 hand axe (vorpal)
rCold   . . .      Faith    .   (no shield)
rNeg    . . .      Spirit   .   (armour unavailable)
rPois   .          Reflect  .   (helmet restricted)
rElec   .          Harm     .   (no cloak)
rCorr   .          Rampage  .   (no gloves)
Will    .....                   (no boots)
Stlth   ++........              (no amulet)
HPRegen 0.20/turn               d - +6 ring of strength
MPRegen 0.10/turn               (no ring)

@: no status effects
A: breathe steam, AC +6, unfitting armour, cold-blooded, steam resistance,
mutation resistance 1
a: Breathe Steam


You were on level 4 of the Dungeon.
You visited 1 branch of the dungeon, and saw 5 of its levels.

You collected 102 gold pieces.

Inventory:

Hand Weapons
 a - a +0 falchion
 h - a +2 vorpal hand axe (weapon)
Missiles
 l - a throwing net (quivered)
Jewellery
 d - a +6 ring of strength (left hand)
Scrolls
 e - 2 scrolls of magic mapping {unknown}
 g - a scroll of blinking {unknown}
 i - a scroll of teleportation {unknown}
 j - a scroll of noise {unknown}
 k - a scroll of identify {unknown}
Potions
 b - a potion of curing {unknown}
 c - a potion of attraction {unknown}
 f - 2 potions of cancellation {unknown}


   Skills:
 + Level 4.8 Fighting
 + Level 4.4 Long Blades
 + Level 4.1 Axes
 + Level 4.1 Dodging
 - Level 1.7 Stealth
 * Level 1.9 Hexes
 * Level 2.1 Ice Magic


You had 4 spell levels left.
You knew the following spells:

 Your Spells              Type           Power      Damage    Failure   Level
a - Ensorcelled Hibernat  Hex/Ice        8%         N/A       26%         2

Your spell library contained the following spells:

 Spells                   Type           Power      Damage    Failure   Level
 Slow                     Hex            3%         N/A       26%         2
 Animate Skeleton         Necr           0%         N/A       36%         1
 Apportation              Tloc           0%         N/A       36%         1
 Summon Small Mammal      Summ           0%         N/A       36%         1
 Confusing Touch          Hex            3%         N/A       45%         3
 Tukima's Dance           Hex            3%         N/A       45%         3
 Vampiric Draining        Necr           0%         2d6       75%         3


Dungeon Overview and Level Annotations

Branches:
Dungeon (5/15)
 Temple: D:4-7

Altars:

Annotations:
D:4 Pikel


Innate Abilities, Weirdness & Mutations

You can breathe blasts of scalding, opaque steam.
Your pale cyan-grey scales are hard. (AC +6)
You cannot fit into any form of body armour.
You are cold-blooded and may be slowed by cold attacks.
You are immune to the effects of steam.
You are somewhat resistant to further mutation.


Message History

Pikel is heavily wounded.
You hit the lemure but do no damage.
You have got your breath back.
Pikel waves his whip at you. Pikel hits you but does no damage.
The lemure is engulfed in a cloud of scalding steam.
The lemure completely misses you.
You slash Pikel!
Pikel is severely wounded.
You hit the lemure.
You kill the lemure!
That felt strangely unrewarding.
Pikel hits you with a +2 whip of flaming!
Pikel burns you.
You hit Pikel.
Your tail-slap misses Pikel.
Pikel is severely wounded.
Pikel is engulfed in a cloud of scalding steam.
Pikel hits you with a +2 whip of flaming!
* * * LOW HITPOINT WARNING * * *
Pikel burns you.
* * * LOW HITPOINT WARNING * * *
You hit Pikel but do no damage.
Pikel is almost dead.
Pikel closely misses you.
You closely miss Pikel.
Your tail-slap misses Pikel.
Pikel is almost dead.
Pikel hits you with a +2 whip of flaming.
* * * LOW HITPOINT WARNING * * *
Pikel burns you.
* * * LOW HITPOINT WARNING * * *
Pikel hits you with a +2 whip of flaming.
* * * LOW HITPOINT WARNING * * *
Pikel burns you.
* * * LOW HITPOINT WARNING * * *
You hit Pikel. You tail-slap Pikel, but do no damage.
Pikel is almost dead.
Pikel hits you with a +2 whip of flaming.
* * * LOW HITPOINT WARNING * * *
Pikel burns you.
You die...

###.# #.####.#####...#
....#######......#####...####
###.........#######.........#
######..### #........(#
#..#########.........#
#>........####....####
#.#######.# ##...# #.# ##.##
#...#
########.######.@.#####..#
.............##..K#......#
####.#.#.###.##...#.####.#
#.#.....#........†....#
####.#.....#............##
...†.................##.#
####.#.....#.##<..#.###.# #
#.#............#.# #.# #
#.#.#####.##...#.###.#


You could see Pikel.

Vanquished Creatures
  Sigmund (D:3)
  A lemure (D:4)
  A phantom (D:4)
  A bullfrog (D:4)
  3 hounds
  A gnoll shaman (D:4)
  Terence (D:3)
  Natasha (twice) (D:3)
  Robin (D:2)
  5 gnolls (D:4)
  6 adders
  2 dart slugs
  10 endoplasms
  2 giant cockroaches
  12 goblins
  10 hobgoblins
  6 jackals
  5 quokkas
  4 ball pythons
  11 bats
  2 frilled lizards
  5 kobolds
  6 rats
98 creatures vanquished.

Vanquished Creatures (others)
  2 plants (D:3)
2 creatures vanquished.

Grand Total: 100 creatures vanquished

Notes
Turn   | Place    | Note
-------+----------+-------------------------------------------
     0 | D:1      | Lekart the Draconian Monk began the quest for the Orb.
     0 | D:1      | Reached XP level 1. HP: 19/19 MP: 1/1
   163 | D:1      | Reached XP level 2. HP: 26/26 MP: 2/2
   931 | D:2      | Noticed Robin
   938 | D:2      | Reached XP level 3. HP: 27/33 MP: 3/3
   984 | D:2      | Killed Robin
  1130 | D:2      | Reached XP level 4. HP: 40/40 MP: 4/4
  1905 | D:3      | Reached skill level 1 in Axes
  1999 | D:3      | Reached XP level 5. HP: 34/46 MP: 5/5
  2160 | D:3      | Noticed Natasha
  2175 | D:3      | Killed Natasha
  2190 | D:3      | Learned a level 2 spell: Ensorcelled Hibernation
  2350 | D:3      | Noticed Sigmund
  2355 | D:3      | Gained mutation: You are somewhat resistant to further
                  | mutation. [potion of mutation]
  2369 | D:3      | Killed Sigmund
  2370 | D:3      | Reached skill level 1 in Hexes
  2370 | D:3      | Reached skill level 1 in Ice Magic
  2370 | D:3      | Reached XP level 6. HP: 15/53 MP: 6/6
  2921 | D:3      | Noticed Terence
  2938 | D:3      | Killed Terence
  3195 | D:3      | Found a faded altar of an unknown god.
  3331 | D:3      | Noticed Natasha
  3340 | D:3      | Killed Natasha
  4013 | D:4      | Your scales start taking on a pale cyan-grey colour.
  4013 | D:4      | Reached XP level 7. HP: 54/60 MP: 7/7
  4013 | D:4      | Gained mutation: You are immune to the effects of steam.
                  | [Pale Draconian growth]
  4281 | D:5      | Entered Level 5 of the Dungeon
  4285 | D:5      | Noticed Pikel
  4300 | D:4      | HP: 1/60 [Pikel (3)]
  4300 | D:4      | Slain by Pikel

Illustrated notes

Levels and vault maps discovered:
D:1:      amcnicky_arrival_single_pillar, layout_loops_ring
D:2:      layout_basic, st_stairs_4, grunt_ministairs_4,
          kennysheep_generic_room_14, uniq_robin
D:3:      layout_loops_ring, dreamdust_ecumenical_altar_hidden_monk_grotto,
          portal_sewer_entry_d, uniq_sigmund, uniq_natasha, uniq_terence
D:4:      layout_loops_ring, amcnicky_mini_pool_small
D:5:      layout_rooms, minivault_23, uniq_pikel, uniq_grinder, uniq_menkaure

Skill      XL: |  1  2  3  4  5  6  7 |
---------------+----------------------+-----
Dodging        | 3 4 |  4.1
Fighting       | 4 |  4.8
Long Blades    | 4 |  4.4
Axes           | 1 2 3 4 |  4.1
Hexes          | 1 |  1.9
Ice Magic      | 1 2 |  2.1
Stealth        | |  1.7

Action                   |  1- 3 |  4- 6 |  7- 9 || total
-------------------------+-------+-------+-------++-------
Melee: Falchion          |    78 |       |       ||    78
       Tailslap          |    10 |    25 |     3 ||    38
       Hand axe          |    12 |   146 |    17 ||   175
 Abil: Breathe Steam     |       |       |     3 ||     3
  Use: Scroll            |       |     4 |       ||     4
       Potion            |       |     2 |       ||     2
 Stab: Sleeping          |     4 |     8 |       ||    12
Armor: Skin              |    26 |    36 |     7 ||    69
Dodge: Dodged            |    53 |   104 |    11 ||   168

Table legend: (Time is in decaauts)
 A = Elapsed time spent in this place.
 B = Non-inter-level travel time spent in this place.
 C = Inter-level travel time spent in this place.
 D = Time resting spent in this place.
 E = Time spent auto-exploring this place.
 F = Levels seen in this place.
 G = Mean time per level.
                   A        B        C        D        E       F      G
               +--------+--------+--------+--------+--------+-----+--------+
         Total |   4353 |   4235 |    118 |    395 |   3128 |   5 |  870.6 |
       Dungeon |   4353 |   4235 |    118 |    395 |   3128 |   5 |  870.6 |
               +--------+--------+--------+--------+--------+-----+--------+

Top non-repeatable levels by time:
     D:3: 1833 daAuts
     D:2: 902 daAuts
     D:4: 881 daAuts
     D:1: 724 daAuts
     D:5: 10 daAuts
